 Dungeon Crawl Stone Soup version 0.21.1-1-g345015f (webtiles) character file.

87 Goblin1989 the Cutter (level 4, 0/45 HPs)
             Began as a Demonspawn Enchanter on Mar 1, 2018.
             Slain by shugdite's ghost (9 damage)
             ... on level 3 of the Dungeon.
             The game lasted 00:04:11 (1769 turns).

Goblin1989 the Cutter (Demonspawn Enchanter)        Turns: 1769, Time: 00:04:12

Health: 0/45       AC: 22    Str:  4 (7)  XL:     4   Next: 28%
Magic:  7/7        EV:  2    Int: 14 (16) God:
Gold:   181        SH:  0    Dex: 13 (14) Spells: 6/7 levels left

rFire    . . .     SeeInvis .   a - +1 dagger
rCold    . . .     Gourm    .   (no shield)
rNeg     + + +     Faith    .   (armour currently unavailable)
rPois    +         Spirit   .   (helmet currently unavailable)
rElec    .         Reflect  .   (cloak currently unavailable)
rCorr    .         Harm     .   (gloves currently unavailable)
MR       .....     NoTele   +   (boots currently unavailable)
Stlth    ++........             (no amulet)
HPRegen  0.15/turn              (no ring)
MPRegen  0.10/turn              (no ring)

@: tree-form (expiring)
A: foul stench 1, weak 1, rot immunity
a: no special abilities


You were on level 3 of the Dungeon.
You were hungry.
You were a tree.
You visited 1 branch of the dungeon, and saw 3 of its levels.

You collected 181 gold pieces.

Inventory:

Hand Weapons
 a - a +1 dagger (weapon)
Missiles
 m - 3 javelins (quivered)
Armour
 b - a +0 robe (melded)
 s - a +0 scale mail
Magical Staves
 u - an uncursed staff of summoning {unknown}
Scrolls
 f - 3 scrolls of identify {unknown}
 h - a scroll of fear {unknown}
 i - 2 scrolls of magic mapping {unknown}
 k - a scroll of teleportation {unknown}
 p - a scroll of enchant armour {unknown}
 q - a scroll of immolation {unknown}
 t - a scroll of noise {unknown}
Books
 c - a book of Maledictions

   Spells                             Type                      Level
   a - Corona                         Hexes                        1
   b - Ensorcelled Hibernation        Hexes/Ice                    2
   c - Confuse                        Hexes                        3
   d - Tukima's Dance                 Hexes                        3
   e - Dazzling Spray                 Conjuration/Hexes            3
Comestibles
 e - 3 rations


   Skills:
 + Level 0.0 Fighting
 * Level 3.8 Short Blades
 + Level 1.7 Dodging
 + Level 2.7 Stealth
 - Level 2.0 Spellcasting
 - Level 3.0 Hexes


You had 6 spell levels left.
You knew the following spells:

 Your Spells              Type           Power        Failure   Level  Hunger
a - Corona                Hex            #......      7%          1    ##.....


Dungeon Overview and Level Annotations

Branches:
Dungeon (3/15)

Altars:
Ashenzari
Ru
The Shining One

Annotations:
D:3 shugdite's ghost, amateur MiFi


Innate Abilities, Weirdness & Mutations

((You are partially covered in icy blue scales. (AC +2)))
You may emit foul miasma when damaged in melee.
You are immune to rotting.
((You have a beak for a mouth.))
You are weak. (Str -2)


Message History

You hit shugdite's ghost but do no damage.
Shugdite's ghost is lightly damaged.
Shugdite's ghost hits you but does no damage.
You barely miss shugdite's ghost.
Shugdite's ghost is lightly damaged.
Shugdite's ghost hits you!
You take 9 damage, and have 36/45 hp.
You hit shugdite's ghost.
Shugdite's ghost is lightly damaged.
Shugdite's ghost hits you but does no damage.
You hit shugdite's ghost but do no damage.
Shugdite's ghost is lightly damaged.
Shugdite's ghost hits you but does no damage.
You hit shugdite's ghost.
Shugdite's ghost is lightly damaged.
You hit shugdite's ghost but do no damage.
Shugdite's ghost is lightly damaged.
Shugdite's ghost hits you but does no damage.
You hit shugdite's ghost but do no damage.
Shugdite's ghost is lightly damaged.
Shugdite's ghost completely misses you.
You hit shugdite's ghost but do no damage.
Shugdite's ghost is lightly damaged.
Shugdite's ghost hits you but does no damage.
You hit shugdite's ghost but do no damage.
Shugdite's ghost is lightly damaged.
Shugdite's ghost says, "Live by the sword, die by the sword."
Shugdite's ghost hits you!
You take 8 damage, and have 29/45 hp.
You hit shugdite's ghost but do no damage.
Shugdite's ghost is lightly damaged.
Shugdite's ghost hits you.
You take 3 damage, and have 26/45 hp.
It was a potion of mutation.
You feel extremely strange.
You feel nature experimenting on you.
Don't worry, failures die fast.
A pair of horns grows on your head!
Shugdite's ghost hits you but does no damage.
Unknown command.
It was a potion of degeneration.
There was something very wrong with that liquid.
You feel weakened.
You feel dopey.
You feel clumsy. Shugdite's ghost hits you.
You take 4 damage, and have 22/45 hp.
Unknown command.
You hit shugdite's ghost but do no damage.
Shugdite's ghost is lightly damaged.
You hit shugdite's ghost but do no damage.
Shugdite's ghost is lightly damaged.
Shugdite's ghost hits you but does no damage.
You hit shugdite's ghost but do no damage.
Shugdite's ghost is lightly damaged.
Shugdite's ghost hits you but does no damage.
You barely miss shugdite's ghost.
Shugdite's ghost is lightly damaged.
Shugdite's ghost hits you but does no damage.
You hit shugdite's ghost but do no damage.
Shugdite's ghost is lightly damaged.
Shugdite's ghost hits you.
* * * LOW HITPOINT WARNING * * *
You take 2 damage, and have 20/45 hp.
Really quaff
r - a potion of mutation {!q}? [Y]es or [N]o only, please.
Really quaff
r - a potion of mutation {!q}?
You feel extremely strange. The horns on your head shrink away.
Nature stops experimenting on you.
You feel weaker.
Your mouth lengthens and hardens into a beak!
Shugdite's ghost hits you but does no damage.
You hit shugdite's ghost.
Shugdite's ghost is lightly damaged.
You hit shugdite's ghost but do no damage.
Shugdite's ghost is lightly damaged.
Shugdite's ghost hits you but does no damage.
You hit shugdite's ghost but do no damage.
Shugdite's ghost is lightly damaged.
Shugdite's ghost hits you but does no damage.
You closely miss shugdite's ghost.
Shugdite's ghost is lightly damaged.
Shugdite's ghost hits you but does no damage.
You hit shugdite's ghost but do no damage.
Shugdite's ghost is lightly damaged.
Your transformation is almost over.
Shugdite's ghost hits you.
* * * LOW HITPOINT WARNING * * *
You take 6 damage, and have 15/45 hp.
You barely miss shugdite's ghost.
Shugdite's ghost is lightly damaged.
You hit shugdite's ghost but do no damage.
Shugdite's ghost is lightly damaged.
Shugdite's ghost hits you!
* * * LOW HITPOINT WARNING * * *
You emit a cloud of foul miasma!
You take 7 damage, and have 8/45 hp.
Unknown command.
Shugdite's ghost hits you but does no damage.
Shugdite's ghost hits you but does no damage.
You hit shugdite's ghost but do no damage.
Shugdite's ghost is lightly damaged.
Shugdite's ghost hits you!
You die... ███████

█.....█
█.█████
█.█ █.█
█.█ █.█
█.█ █♣█


█W█ █(█ █.█ █.█ ██.█ █..█ █.██ █.█ You could see shugdite's ghost.

Vanquished Creatures
  A hound (D:2)
  3 adders
  2 oozes
  A leopard gecko (D:3)
  A bat (D:1)
  2 giant cockroaches (D:1)
  2 goblins (D:1)
  3 hobgoblins
  4 frilled lizards
  2 kobolds
  3 rats
24 creatures vanquished.

Notes
Turn   | Place    | Note
-------+----------+-------------------------------------------
     0 | D:1      | Goblin1989 the Demonspawn Enchanter began the quest for the Orb.
     0 | D:1      | Reached XP level 1. HP: 13/13 MP: 3/3
    22 | D:1      | Reached skill level 1 in Short Blades
   195 | D:1      | Gained mutation: You are immune to rotting. [demonic ancestry]
   195 | D:1      | Reached XP level 2. HP: 19/19 MP: 5/5
   913 | D:2      | Gained mutation: You may emit foul miasma when damaged in melee. [demonic ancestry]
   913 | D:2      | Reached XP level 3. HP: 24/24 MP: 6/6
   926 | D:2      | Found a sacrificial altar of Ru.
  1016 | D:2      | Found a glowing golden altar of the Shining One.
  1016 | D:2      | Found a shattered altar of Ashenzari.
  1271 | D:2      | Gained mutation: You are partially covered in icy blue scales. (AC +2) [demonic ancestry]
  1271 | D:2      | Reached XP level 4. HP: 28/30 MP: 7/7
  1454 | D:3      | Noticed shugdite's ghost (amateur MiFi)
  1752 | D:3      | Gained mutation: You evolve. [potion of mutation]
  1752 | D:3      | Gained mutation: You have a pair of small horns on your head. [potion of mutation]
  1759 | D:3      | Lost mutation: You have a pair of small horns on your head. [potion of mutation]
  1759 | D:3      | Lost mutation: You evolve. [potion of mutation]
  1759 | D:3      | Gained mutation: You are weak. (Str -2) [potion of mutation]
  1759 | D:3      | Gained mutation: You have a beak for a mouth. [potion of mutation]
  1769 | D:3      | Slain by shugdite's ghost

Skill      XL: |  1  2  3 |
---------------+----------+-----
Short Blades   | 1 2 3 |  3.8
Dodging        | |  1.7
Stealth        | |  2.7
Spellcasting   | |  2.0
Hexes          | |  3.0

Action                   |  1- 3 |  4- 6 || total
-------------------------+-------+-------++-------
Melee: Dagger            |    47 |    56 ||   103
Throw: Javelin           |       |     2 ||     2
  Use: Potion            |       |     5 ||     5
 Stab: Sleeping          |     8 |     1 ||     9
  Eat: Chunk             |       |     2 ||     2
Armor: Robe              |     9 |     8 ||    17
       Skin              |       |    20 ||    20
Dodge: Dodged            |    20 |    12 ||    32

Vault maps used:
D:1:      mrwooster_arrival_statue_2
D:2:      nicolae_overflow_hidden_temple, gammafunk_temple_overflow_statue,
          minmay_misc_feat_x
D:3:      old_standard_altar, first_ration, grunt_nemelex_the_gamble
